Patriotes vs Sewer Rats
Created - 27 janvier 2014 at 19:05
Goals
|
| Patriotes |
3 |
1 |
2 |
6 |
| Sewer Rats |
1 |
0 |
0 |
1 |
|
Shots
|
| Patriotes |
21 |
9 |
8 |
38 |
| Sewer Rats |
13 |
14 |
8 |
35 |
|
1st period
1. Sewer Rats , Patrick Bordeleau 1 (John-Michael Liles, Stéphane Yelle) at 4:24
2. Patriotes , Liam Reddox 4 (Davis Drewiske, James Wright) at 6:11
3. Patriotes , Jared Boll 8 (Christian Hanson) at 13:29 (PP)
4. Patriotes , Andreas Nodl 31 (Zenon Konopka) at 19:25 (PP)
Penalties :
Zach Bogosian (Tol) for Hooking (Minor) at 12:58, John Erskine (Tol) for Hooking (Minor) at 19:18
2nd period
5. Patriotes , Fedor Fedorov 16 (Ryan Wilson, Brock Trotter) at 19:41
Penalties :
John Erskine (Tol) for Hooking (Minor) at 3:55
3rd period
6. Patriotes , Zenon Konopka 15 (Andreas Nodl, Cameron Gaunce) at 6:11 (SH)
7. Patriotes , Martin St. Pierre 4 (T.J Galiardi, Ryan Wilson) at 15:16
Penalties :
Davis Drewiske (Nyc) for Hooking (Minor) at 0:27, Davis Drewiske (Nyc) for Delaying the game (Minor) at 5:57
Goalie Stats
Joey MacDonald (Nyc), 34 saves from 35 shots - (0,971), W, 12-10-4, 60:00 minutes
Jhonas Enroth (Tol), 32 saves from 38 shots - (0,842), L, 13-7-0, 60:00 minutes
Players Stats for Patriotes
Player Name G A P +/- PIM S H SB GA TA FO MP PP MP PK MP
------------------------------------------------------------------------------------
Andreas Nodl 1 1 2 1 0 8 1 0 1 0 2/2 21:21 1:33 2:03
Brett Skinner 0 0 0 1 0 2 1 0 0 0 0/0 21:38 2:01 2:12
Brock Trotter 0 1 1 0 0 1 1 0 0 1 0/1 12:27 0:10 0:51
Cameron Gaunce 0 1 1 1 0 0 1 2 0 1 0/0 15:19 0:00 1:56
Christian Hanson 0 1 1 0 0 3 3 0 1 0 10/23 20:02 1:04 1:10
Davis Drewiske 0 1 1 0 4 1 1 0 1 0 0/0 20:17 2:01 0:00
Fedor Fedorov 1 0 1 0 0 1 1 0 0 0 0/0 19:00 1:33 0:54
James Wright 0 1 1 1 0 1 2 0 0 0 0/2 10:04 0:00 0:00
Jared Boll 1 0 1 1 0 4 0 0 0 1 0/1 15:14 1:04 0:00
Joe Charlebois 0 0 0 1 0 2 0 3 0 0 0/0 17:49 0:36 1:46
Lauri Tukonen 0 0 0 0 0 3 0 0 0 0 1/2 11:22 0:00 0:00
Liam Reddox 1 0 1 1 0 2 0 0 0 1 0/0 10:04 0:00 0:00
Mario Bliznak 0 0 0 0 0 0 0 0 0 0 0/0 0:00 0:00 0:00
Martin St. Pierre 1 0 1 1 0 1 1 0 0 2 4/14 15:05 0:00 0:54
Mathieu Brodeur 0 0 0 1 0 0 1 0 0 2 0/0 7:33 0:00 0:00
Matt Watkins 0 0 0 0 0 0 0 0 0 0 0/0 0:00 0:00 0:00
Nigel Williams 0 0 0 1 0 0 2 0 0 0 0/0 7:49 0:00 0:16
Philip Larsen 0 0 0 0 0 0 0 0 0 1 0/0 13:00 0:00 0:00
Ryan Potulny 0 0 0 0 0 0 0 0 0 0 0/0 0:00 0:00 0:00
Ryan White 0 0 0 0 0 0 0 0 0 0 0/0 0:00 0:00 0:00
Ryan Wilson 0 2 2 1 0 6 0 2 1 1 0/0 17:49 0:36 1:46
T.J Galiardi 0 1 1 1 0 1 0 0 1 1 1/2 15:14 1:04 0:00
Tomas Kubalik 0 0 0 1 0 0 0 0 0 0 0/0 10:04 0:00 0:00
Zenon Konopka 1 1 2 1 0 2 2 1 0 0 7/8 14:49 1:23 2:04
Players Stats for Sewer Rats
Player Name G A P +/- PIM S H SB GA TA FO MP PP MP PK MP
------------------------------------------------------------------------------------
Brandon Sutter 0 0 0 0 0 0 0 1 0 0 3/5 12:49 1:49 0:10
Chad Denny 0 0 0 0 0 1 0 0 0 0 0/0 7:47 0:00 0:18
Derek Dorsett 0 0 0 0 0 3 0 0 1 0 0/0 12:41 0:00 0:00
Dustin Byfuglien 0 0 0 -2 0 2 0 0 3 0 0/1 20:48 2:14 1:37
John Erskine 0 0 0 0 4 1 0 0 1 2 0/0 19:59 0:00 0:00
John Lammers 0 0 0 0 0 0 0 0 0 0 0/0 1:52 0:23 0:16
John-Michael Liles 0 1 1 0 0 4 0 0 1 0 0/0 23:28 2:42 1:36
Kyle Okposo 0 0 0 -1 0 0 3 0 0 0 1/1 17:50 1:27 0:00
Kyle Quincey 0 0 0 -3 0 0 1 1 1 0 0/0 14:56 1:16 0:00
Kyle Turris 0 0 0 -1 0 0 0 2 0 0 3/6 3:59 0:00 0:00
Lars Eller 0 0 0 -1 0 2 2 1 0 1 7/11 14:00 0:13 0:00
Mark Mancari 0 0 0 -1 0 1 1 0 0 0 13/21 19:02 2:04 0:00
Matt Lashoff 0 0 0 0 0 0 0 2 0 0 0/0 16:59 1:16 1:01
Max Pacioretty 0 0 0 -2 0 6 4 0 1 1 1/3 19:44 2:14 0:33
Mike Funk 0 0 0 -3 0 0 0 2 0 0 0/0 14:30 0:00 1:14
Niko Dimitrakos 0 0 0 0 0 0 0 0 0 0 0/0 1:32 0:09 0:33
Patrick Bordeleau 1 0 1 0 0 3 2 1 0 0 0/1 12:41 0:00 0:00
Ryan Maki 0 0 0 0 0 0 0 0 0 0 0/0 0:00 0:00 0:00
Stéphane Yelle 0 1 1 0 0 3 1 0 3 1 2/6 14:19 0:00 1:38
Steven Kampfer 0 0 0 0 0 0 0 0 0 0 0/0 0:00 0:00 0:00
Ville Leino 0 0 0 -1 0 3 5 2 0 0 0/0 14:47 1:21 0:00
Vojtech Polak 0 0 0 0 0 2 0 1 0 0 0/0 10:41 0:00 0:27
Zach Bogosian 0 0 0 0 2 4 3 1 0 0 0/0 22:56 2:42 1:05
3 Stars
1 - Joey MacDonald (Nyc)
2 - Zenon Konopka (Nyc)
3 - Andreas Nodl (Nyc)
Power Play
Patriotes - 2 on 3 Attempt(s) - 66,67%
Sewer Rats - 0 on 2 Attempt(s) - 0,00%
Penalty Kill
Patriotes - 2 on 2 Attempt(s) - 100,00%
- Score 1 goal in Penalty Kill
Sewer Rats - 1 on 3 Attempt(s) - 33,33%
- Score 0 goal in Penalty Kill
Official
Referees : McCreary Bill and Devorski Paul
Linesman : Thor Nelson and Brian Murphy
Game Notes
Kyle Turris is injured at 12:29 of 1st period (Right Hip)
Finance
Level 1 -- Attendance: 1533 (76,65%) -- Ticket Income 45 990 $
Level 2 -- Attendance: 672 (67,20%) -- Ticket Income 8 064 $
Total Attendance: 2205 (73,50%)
Total Ticket Income: 54 054 $
Other Income: 2 703 $
Total Income: 56 757 $
Patriotes
5 vs 5 Forward
Center Left Wing Right Wing Time % Phy DF OF
1 Christian Hanson Fedor Fedorov Andreas Nodl 40 1 2 2
2 Martin St. Pierre T.J Galiardi Jared Boll 30 1 2 2
3 Zenon Konopka Brock Trotter Lauri Tukonen 20 1 2 2
4 James Wright Liam Reddox Tomas Kubalik 10 1 2 2
5 vs 5 Defense
Defense Defense Time % Phy DF OF
1 Brett Skinner Davis Drewiske 40 1 2 2
2 Ryan Wilson Joe Charlebois 30 1 2 2
3 Philip Larsen Cameron Gaunce 20 1 2 2
4 Nigel Williams Mathieu Brodeur 10 1 2 2
PowerPlay Forward
Center Left Wing Right Wing Time % Phy DF OF
1 Zenon Konopka Fedor Fedorov Andreas Nodl 60 1 2 2
2 Christian Hanson T.J Galiardi Jared Boll 40 1 2 2
PowerPlay Defense
Defense Defense Time % Phy DF OF
1 Brett Skinner Davis Drewiske 60 1 2 2
2 Ryan Wilson Joe Charlebois 40 1 2 2
Penalty Kill 4 Players Forward
Center Wing Time % Phy DF OF
1 Zenon Konopka Andreas Nodl 60 1 2 2
2 Fedor Fedorov Christian Hanson 40 1 2 2
Penalty Kill 4 Players Defense
Defense Defense Time % Phy DF OF
1 Brett Skinner Davis Drewiske 60 1 2 2
2 Ryan Wilson Joe Charlebois 40 1 2 2
Penalty Kill - 3 Players Forward
Forward Time % Phy DF OF
1 Zenon Konopka 60 1 2 2
2 Andreas Nodl 40 1 2 2
Penalty Kill - 3 Players Defense
Defense Defense Time % Phy DF OF
1 Brett Skinner Davis Drewiske 60 1 2 2
2 Ryan Wilson Joe Charlebois 40 1 2 2
4 vs 4 Forward
Center Wing Time % Phy DF OF
1 Zenon Konopka Andreas Nodl 60 1 2 2
2 Fedor Fedorov Christian Hanson 40 1 2 2
4 vs 4 Defense
Defense Defense Time % Phy DF OF
1 Brett Skinner Davis Drewiske 60 1 2 2
2 Ryan Wilson Joe Charlebois 40 1 2 2
Last Minutes Offensive
Center Left Wing Right Wing Defense Defense
Zenon Konopka Fedor Fedorov Andreas Nodl Brett Skinner Davis Drewiske
Last Minutes Defensive
Center Left Wing Right Wing Defense Defense
Zenon Konopka Fedor Fedorov Andreas Nodl Brett Skinner Davis Drewiske
Goaltenders
Starting : Joey MacDonald
Backup : Jason Missiaen
Extra Forwards
Normal : Brock Trotter, Lauri Tukonen, Martin St. Pierre - PP : Brock Trotter, Lauri Tukonen - PK : Martin St. Pierre
Extra Defensemen
Normal : Philip Larsen, Cameron Gaunce, Nigel Williams - PP : Philip Larsen - PK : Cameron Gaunce, Nigel Williams
Penalty Shots
Zenon Konopka, Andreas Nodl, Fedor Fedorov, Christian Hanson, T.J Galiardi
Sewer Rats
5 vs 5 Forward
Center Left Wing Right Wing Time % Phy DF OF
1 Kyle Turris Max Pacioretty Dustin Byfuglien 40 1 2 2
2 Lars Eller Ville Leino Kyle Okposo 30 1 2 2
3 Brandon Sutter Vojtech Polak Mark Mancari 20 1 2 2
4 Stéphane Yelle Patrick Bordeleau Derek Dorsett 10 1 2 2
5 vs 5 Defense
Defense Defense Time % Phy DF OF
1 Zach Bogosian John-Michael Liles 40 1 2 2
2 Matt Lashoff John Erskine 30 1 2 2
3 Mike Funk Kyle Quincey 20 1 2 2
4 Chad Denny John Erskine 10 1 2 2
PowerPlay Forward
Center Left Wing Right Wing Time % Phy DF OF
1 Kyle Turris Max Pacioretty Dustin Byfuglien 60 1 2 2
2 Brandon Sutter Ville Leino Kyle Okposo 40 1 2 2
PowerPlay Defense
Defense Defense Time % Phy DF OF
1 Zach Bogosian John-Michael Liles 60 1 2 2
2 Kyle Quincey Matt Lashoff 40 1 2 2
Penalty Kill 4 Players Forward
Center Wing Time % Phy DF OF
1 Stéphane Yelle Dustin Byfuglien 60 1 2 2
2 Niko Dimitrakos Max Pacioretty 40 1 2 2
Penalty Kill 4 Players Defense
Defense Defense Time % Phy DF OF
1 Zach Bogosian John-Michael Liles 60 1 2 2
2 Matt Lashoff John Erskine 40 1 2 2
Penalty Kill - 3 Players Forward
Forward Time % Phy DF OF
1 Stéphane Yelle 60 1 2 2
2 Dustin Byfuglien 40 1 2 2
Penalty Kill - 3 Players Defense
Defense Defense Time % Phy DF OF
1 Zach Bogosian John-Michael Liles 60 1 2 2
2 Matt Lashoff John Erskine 40 1 2 2
4 vs 4 Forward
Center Wing Time % Phy DF OF
1 Stéphane Yelle Dustin Byfuglien 60 1 2 2
2 Niko Dimitrakos Max Pacioretty 40 1 2 2
4 vs 4 Defense
Defense Defense Time % Phy DF OF
1 Zach Bogosian John-Michael Liles 60 1 2 2
2 Matt Lashoff John Erskine 40 1 2 2
Last Minutes Offensive
Center Left Wing Right Wing Defense Defense
Stéphane Yelle Max Pacioretty Dustin Byfuglien Zach Bogosian John-Michael Liles
Last Minutes Defensive
Center Left Wing Right Wing Defense Defense
Stéphane Yelle Max Pacioretty Dustin Byfuglien Matt Lashoff John-Michael Liles
Goaltenders
Starting : Jhonas Enroth
Backup : Semyon Varlamov
Extra Forwards
Normal : Mark Mancari, Kyle Okposo, Vojtech Polak - PP : Mark Mancari, Kyle Okposo - PK : Vojtech Polak
Extra Defensemen
Normal : Zach Bogosian, Mike Funk, John Erskine - PP : Zach Bogosian - PK : Mike Funk, John Erskine
Penalty Shots
Stéphane Yelle, Dustin Byfuglien, Niko Dimitrakos, Max Pacioretty, Ville Leino
% Time on Ice - Patriotes
Lines # - Real PCT - Wanted PCT - Time Play
Normal Forward
1 - 33% - 40% - 17:49
2 - 27% - 30% - 14:10
3 - 21% - 20% - 11:22
4 - 19% - 10% - 10:04
Normal Defense
1 - 33% - 40% - 17:25
2 - 29% - 30% - 15:27
3 - 24% - 20% - 13:00
4 - 14% - 10% - 7:33
PP Forward
1 - 59% - 60% - 1:33
2 - 41% - 40% - 1:04
PP Defense
1 - 77% - 60% - 2:01
2 - 23% - 40% - 0:36
PK Forward
1 - 77% - 60% - 3:04
2 - 23% - 40% - 0:54
PK Defense
1 - 55% - 60% - 2:12
2 - 45% - 40% - 1:46
PK3 Forward
1 - 0% - 60%
2 - 0% - 40%
PK3 Defense
1 - 0% - 60%
2 - 0% - 40%
44 Forward
1 - 0% - 60%
2 - 0% - 40%
44 Defense
1 - 0% - 60%
2 - 0% - 40%
Last Minute Offensive - 0:00
Last Minute Defensive - 0:00
Total
Forward - 60:00
Defense - 60:00
|
% Time on Ice - Sewer Rats
Lines # - Real PCT - Wanted PCT - Time Play
Normal Forward
1 - 34% - 40% - 18:10
2 - 25% - 30% - 13:26
3 - 17% - 20% - 9:08
4 - 24% - 10% - 12:41
Normal Defense
1 - 36% - 40% - 19:10
2 - 28% - 30% - 14:42
3 - 25% - 20% - 13:16
4 - 12% - 10% - 6:17
PP Forward
1 - 66% - 60% - 2:37
2 - 34% - 40% - 1:21
PP Defense
1 - 68% - 60% - 2:42
2 - 32% - 40% - 1:16
PK Forward
1 - 79% - 60% - 2:04
2 - 21% - 40% - 0:33
PK Defense
1 - 61% - 60% - 1:36
2 - 39% - 40% - 1:01
PK3 Forward
1 - 0% - 60%
2 - 0% - 40%
PK3 Defense
1 - 0% - 60%
2 - 0% - 40%
44 Forward
1 - 0% - 60%
2 - 0% - 40%
44 Defense
1 - 0% - 60%
2 - 0% - 40%
Last Minute Offensive - 0:00
Last Minute Defensive - 0:00
Total
Forward - 60:00
Defense - 60:00
|
Play by Play
1st period
0:01 of 1st period - Kyle Turris wins face-off versus Christian Hanson in neutral zone.
0:51 of 1st period - Snap shot by Tomas Kubalik.
0:51 of 1st period - Shot Misses the Net.
0:53 of 1st period - Wrist shot by Liam Reddox.
0:53 of 1st period - Stopped by Jhonas Enroth without a rebound.
0:54 of 1st period - Brandon Sutter wins face-off versus James Wright in Sewer Rats zone.
0:54 of 1st period - Brandon Sutter is hit by Cameron Gaunce.
2:11 of 1st period - Slapshot by Ryan Wilson.
2:11 of 1st period - Stopped by Jhonas Enroth with a rebound.
2:13 of 1st period - Slapshot by Ryan Wilson.
2:13 of 1st period - Stopped by Jhonas Enroth with a rebound.
2:27 of 1st period - Slapshot by Ryan Wilson.
2:27 of 1st period - Deflect By John Erskine.
2:27 of 1st period - Stopped by Jhonas Enroth with a rebound.
2:29 of 1st period - Slapshot by Joe Charlebois.
2:29 of 1st period - Deflect By John Erskine.
2:29 of 1st period - Stopped by Jhonas Enroth with a rebound.
2:39 of 1st period - Wrist shot by Tomas Kubalik.
2:39 of 1st period - Shot Blocked by Matt Lashoff.
2:41 of 1st period - Slapshot by Ryan Wilson.
2:41 of 1st period - Stopped by Jhonas Enroth with a rebound.
2:43 of 1st period - Wrist shot by Joe Charlebois.
2:43 of 1st period - Stopped by Jhonas Enroth with a rebound.
2:45 of 1st period - Slapshot by Liam Reddox.
2:45 of 1st period - Deflect By Tomas Kubalik.
2:45 of 1st period - Shot Blocked by Vojtech Polak.
2:45 of 1st period - Puck is out of play.
2:46 of 1st period - Kyle Turris wins face-off versus Christian Hanson in Sewer Rats zone.
2:46 of 1st period - Kyle Turris is hit by Brett Skinner.
2:54 of 1st period - Brett Skinner is hit by Max Pacioretty and loses puck.
3:26 of 1st period - Wrist shot by Andreas Nodl.
3:26 of 1st period - Stopped by Jhonas Enroth without a rebound.
3:27 of 1st period - Martin St. Pierre wins face-off versus Kyle Turris in Sewer Rats zone.
3:32 of 1st period - Slapshot by Jared Boll.
3:32 of 1st period - Stopped by Jhonas Enroth with a rebound.
3:52 of 1st period - Philip Larsen is hit by Kyle Okposo.
4:20 of 1st period - Wrist shot by Stéphane Yelle.
4:20 of 1st period - Shot Misses the Net.
4:22 of 1st period - Slapshot by John-Michael Liles.
4:22 of 1st period - Stopped by Joey MacDonald with a rebound.
4:24 of 1st period - Snap shot by Patrick Bordeleau.
4:24 of 1st period - Goal by Patrick Bordeleau - Patriotes : 0 - Sewer Rats : 1.
4:25 of 1st period - Christian Hanson wins face-off versus Kyle Turris in neutral zone.
4:55 of 1st period - Kyle Okposo is hit by Martin St. Pierre and loses puck.
5:38 of 1st period - Kyle Quincey is hit by Davis Drewiske.
6:00 of 1st period - Dustin Byfuglien is hit by James Wright and loses puck.
6:05 of 1st period - Wrist shot by Davis Drewiske.
6:05 of 1st period - Shot Blocked by Mike Funk.
6:07 of 1st period - Wrist shot by James Wright.
6:07 of 1st period - Stopped by Jhonas Enroth with a rebound.
6:09 of 1st period - Snap shot by Davis Drewiske.
6:09 of 1st period - Shot Blocked by Kyle Turris.
6:11 of 1st period - Snap shot by Liam Reddox.
6:11 of 1st period - Goal by Liam Reddox - Patriotes : 1 - Sewer Rats : 1.
6:12 of 1st period - Kyle Okposo wins face-off versus Christian Hanson in neutral zone.
6:15 of 1st period - Slapshot by John-Michael Liles.
6:15 of 1st period - Shot Blocked by Cameron Gaunce.
7:06 of 1st period - Slapshot by Ryan Wilson.
7:06 of 1st period - Deflect By Zach Bogosian.
7:06 of 1st period - Stopped by Jhonas Enroth with a rebound.
7:19 of 1st period - Off-side.
7:20 of 1st period - Andreas Nodl wins face-off versus Brandon Sutter in neutral zone.
7:43 of 1st period - Slapshot by Fedor Fedorov.
7:43 of 1st period - Shot Blocked by Brandon Sutter.
7:55 of 1st period - Snap shot by Vojtech Polak.
7:55 of 1st period - Stopped by Joey MacDonald with a rebound.
8:07 of 1st period - Wrist shot by Mark Mancari.
8:07 of 1st period - Stopped by Joey MacDonald without a rebound.
8:08 of 1st period - Kyle Turris wins face-off versus Martin St. Pierre in Patriotes zone.
8:09 of 1st period - Slapshot by Dustin Byfuglien.
8:09 of 1st period - Shot Misses the Net.
8:17 of 1st period - Snap shot by Dustin Byfuglien.
8:17 of 1st period - Shot Misses the Net.
8:33 of 1st period - Lars Eller is hit by Brock Trotter and loses puck.
8:44 of 1st period - Brett Skinner is hit by Lars Eller and loses puck.
10:04 of 1st period - Off-side.
10:05 of 1st period - Lauri Tukonen wins face-off versus Kyle Turris in neutral zone.
10:30 of 1st period - Slapshot by Jared Boll.
10:30 of 1st period - Stopped by Jhonas Enroth without a rebound.
10:31 of 1st period - Martin St. Pierre wins face-off versus Lars Eller in Sewer Rats zone.
10:36 of 1st period - Wrist shot by T.J Galiardi.
10:36 of 1st period - Shot Misses the Net.
10:38 of 1st period - Snap shot by Jared Boll.
10:38 of 1st period - Shot Misses the Net.
10:56 of 1st period - Davis Drewiske is hit by Max Pacioretty and loses puck.
11:05 of 1st period - Zach Bogosian is hit by Andreas Nodl and loses puck.
11:20 of 1st period - Slapshot by Stéphane Yelle.
11:20 of 1st period - Stopped by Joey MacDonald with a rebound.
12:13 of 1st period - Icing by Mathieu Brodeur.
12:14 of 1st period - Max Pacioretty wins face-off versus James Wright in Patriotes zone.
12:29 of 1st period - Snap shot by Tomas Kubalik.
12:29 of 1st period - Shot Blocked by Kyle Turris.
12:29 of 1st period - Kyle Turris from Sewer Rats is injured at 12:29 of 1st period (Right Hip).
12:30 of 1st period - Christian Hanson wins face-off versus Mark Mancari in Sewer Rats zone.
12:37 of 1st period - Snap shot by Andreas Nodl.
12:37 of 1st period - Stopped by Jhonas Enroth with a rebound.
12:39 of 1st period - Snap shot by Christian Hanson.
12:39 of 1st period - Stopped by Jhonas Enroth without a rebound.
12:40 of 1st period - Mark Mancari wins face-off versus Christian Hanson in Sewer Rats zone.
12:44 of 1st period - Off-side.
12:45 of 1st period - Mark Mancari wins face-off versus Christian Hanson in neutral zone.
12:51 of 1st period - Icing by Fedor Fedorov.
12:52 of 1st period - Christian Hanson wins face-off versus Mark Mancari in Patriotes zone.
12:58 of 1st period - Minor Penalty to Zach Bogosian for Hooking.
12:59 of 1st period - Zenon Konopka wins face-off versus Stéphane Yelle in Sewer Rats zone.
13:29 of 1st period - Snap shot by Jared Boll.
13:29 of 1st period - Goal by Jared Boll - Patriotes : 2 - Sewer Rats : 1.
13:30 of 1st period - Lars Eller wins face-off versus Martin St. Pierre in neutral zone.
13:43 of 1st period - Snap shot by T.J Galiardi.
13:43 of 1st period - Stopped by Jhonas Enroth with a rebound.
13:55 of 1st period - Mark Mancari is hit by Christian Hanson and loses puck.
14:02 of 1st period - Snap shot by Max Pacioretty.
14:02 of 1st period - Stopped by Joey MacDonald without a rebound.
14:03 of 1st period - Christian Hanson wins face-off versus Lars Eller in Patriotes zone.
14:10 of 1st period - Snap shot by Andreas Nodl.
14:10 of 1st period - Stopped by Jhonas Enroth without a rebound.
14:11 of 1st period - Christian Hanson wins face-off versus Lars Eller in Sewer Rats zone.
14:33 of 1st period - Slapshot by Zach Bogosian.
14:33 of 1st period - Stopped by Joey MacDonald with a rebound.
14:35 of 1st period - Snap shot by John Erskine.
14:35 of 1st period - Deflect By Andreas Nodl.
14:35 of 1st period - Stopped by Joey MacDonald with a rebound.
14:37 of 1st period - Slapshot by Chad Denny.
14:37 of 1st period - Stopped by Joey MacDonald with a rebound.
14:51 of 1st period - Wrist shot by Kyle Okposo.
14:51 of 1st period - Shot Misses the Net.
14:53 of 1st period - Wrist shot by Ville Leino.
14:53 of 1st period - Shot Blocked by Joe Charlebois.
14:55 of 1st period - Snap shot by Lars Eller.
14:55 of 1st period - Stopped by Joey MacDonald without a rebound.
14:56 of 1st period - Mark Mancari wins face-off versus Martin St. Pierre in Patriotes zone.
15:36 of 1st period - Stéphane Yelle is hit by Zenon Konopka and loses puck.
16:46 of 1st period - Wrist shot by Stéphane Yelle.
16:46 of 1st period - Stopped by Joey MacDonald without a rebound.
16:47 of 1st period - Brandon Sutter wins face-off versus Christian Hanson in Patriotes zone.
17:39 of 1st period - Snap shot by Derek Dorsett.
17:39 of 1st period - Stopped by Joey MacDonald with a rebound.
17:41 of 1st period - Slapshot by Matt Lashoff.
17:41 of 1st period - Deflect By Stéphane Yelle.
17:41 of 1st period - Shot Misses the Net.
17:41 of 1st period - Puck is out of play.
17:42 of 1st period - Christian Hanson wins face-off versus Mark Mancari in Patriotes zone.
18:07 of 1st period - T.J Galiardi is hit by Lars Eller and loses puck.
19:15 of 1st period - Snap shot by Andreas Nodl.
19:15 of 1st period - Stopped by Jhonas Enroth without a rebound.
19:16 of 1st period - Stéphane Yelle wins face-off versus Martin St. Pierre in Sewer Rats zone.
19:18 of 1st period - Minor Penalty to John Erskine for Hooking.
19:19 of 1st period - Zenon Konopka wins face-off versus Stéphane Yelle in Sewer Rats zone.
19:23 of 1st period - Wrist shot by Andreas Nodl.
19:23 of 1st period - Stopped by Jhonas Enroth without a rebound.
19:24 of 1st period - Zenon Konopka wins face-off versus Stéphane Yelle in Sewer Rats zone.
19:25 of 1st period - Slapshot by Andreas Nodl.
19:25 of 1st period - Goal by Andreas Nodl - Patriotes : 3 - Sewer Rats : 1.
19:26 of 1st period - Christian Hanson wins face-off versus Mark Mancari in neutral zone.
19:28 of 1st period - Off-side.
19:29 of 1st period - Mark Mancari wins face-off versus Christian Hanson in neutral zone.
19:42 of 1st period - Wrist shot by Max Pacioretty.
19:42 of 1st period - Stopped by Joey MacDonald with a rebound.
Goals for this period are 3 for Patriotes vs 1 for Sewer Rats.
Shots for this period are 21 for Patriotes vs 13 for Sewer Rats.
2nd period
0:01 of 2nd period - Mark Mancari wins face-off versus Martin St. Pierre in neutral zone.
0:04 of 2nd period - Wrist shot by John-Michael Liles.
0:04 of 2nd period - Stopped by Joey MacDonald without a rebound.
0:05 of 2nd period - T.J Galiardi wins face-off versus Max Pacioretty in Patriotes zone.
0:16 of 2nd period - Slapshot by Max Pacioretty.
0:16 of 2nd period - Stopped by Joey MacDonald with a rebound.
0:18 of 2nd period - Slapshot by John-Michael Liles.
0:18 of 2nd period - Shot Blocked by Joe Charlebois.
0:20 of 2nd period - Slapshot by John-Michael Liles.
0:20 of 2nd period - Deflect By T.J Galiardi.
0:20 of 2nd period - Stopped by Joey MacDonald without a rebound.
0:21 of 2nd period - Lars Eller wins face-off versus Christian Hanson in Patriotes zone.
0:36 of 2nd period - Snap shot by Kyle Okposo.
0:36 of 2nd period - Shot Misses the Net.
0:46 of 2nd period - Davis Drewiske is hit by Patrick Bordeleau and loses puck.
0:57 of 2nd period - Snap shot by Derek Dorsett.
0:57 of 2nd period - Deflect By Patrick Bordeleau.
0:57 of 2nd period - Stopped by Joey MacDonald without a rebound.
0:58 of 2nd period - Mark Mancari wins face-off versus Martin St. Pierre in Patriotes zone.
1:09 of 2nd period - Slapshot by Jared Boll.
1:09 of 2nd period - Shot Misses the Net.
1:11 of 2nd period - Slapshot by Joe Charlebois.
1:11 of 2nd period - Shot Blocked by Matt Lashoff.
1:42 of 2nd period - John Erskine is hit by Nigel Williams and loses puck.
2:19 of 2nd period - Off-side.
2:20 of 2nd period - Christian Hanson wins face-off versus Mark Mancari in neutral zone.
2:27 of 2nd period - Slapshot by Fedor Fedorov.
2:27 of 2nd period - Shot Misses the Net.
2:29 of 2nd period - Snap shot by Andreas Nodl.
2:29 of 2nd period - Stopped by Jhonas Enroth with a rebound.
2:31 of 2nd period - Snap shot by Christian Hanson.
2:31 of 2nd period - Stopped by Jhonas Enroth with a rebound.
2:33 of 2nd period - Wrist shot by Brett Skinner.
2:33 of 2nd period - Stopped by Jhonas Enroth with a rebound.
2:47 of 2nd period - Brett Skinner is hit by Ville Leino.
3:36 of 2nd period - Wrist shot by Derek Dorsett.
3:36 of 2nd period - Stopped by Joey MacDonald with a rebound.
3:38 of 2nd period - Wrist shot by Patrick Bordeleau.
3:38 of 2nd period - Shot Blocked by Ryan Wilson.
3:40 of 2nd period - Slapshot by Stéphane Yelle.
3:40 of 2nd period - Shot Blocked by Ryan Wilson.
3:55 of 2nd period - Minor Penalty to John Erskine for Hooking.
3:56 of 2nd period - Stéphane Yelle wins face-off versus Zenon Konopka in Sewer Rats zone.
4:00 of 2nd period - Slapshot by Zenon Konopka.
4:00 of 2nd period - Shot Misses the Net.
4:50 of 2nd period - Zach Bogosian is hit by Christian Hanson.
5:55 of 2nd period - Penalty to John Erskine is over, John Erskine is back on ice.
6:06 of 2nd period - Slapshot by Brett Skinner.
6:06 of 2nd period - Stopped by Jhonas Enroth with a rebound.
7:09 of 2nd period - Zach Bogosian is hit by Christian Hanson and loses puck.
7:20 of 2nd period - Lauri Tukonen is hit by Max Pacioretty and loses puck.
8:27 of 2nd period - Snap shot by Ville Leino.
8:27 of 2nd period - Stopped by Joey MacDonald without a rebound.
8:28 of 2nd period - Lars Eller wins face-off versus Martin St. Pierre in Patriotes zone.
8:29 of 2nd period - Wrist shot by Kyle Okposo.
8:29 of 2nd period - Shot Hit the Post.
9:19 of 2nd period - Wrist shot by Derek Dorsett.
9:19 of 2nd period - Stopped by Joey MacDonald without a rebound.
9:20 of 2nd period - Lars Eller wins face-off versus Brock Trotter in Patriotes zone.
9:21 of 2nd period - Slapshot by Kyle Okposo.
9:21 of 2nd period - Deflect By Ville Leino.
9:21 of 2nd period - Shot Blocked by Zenon Konopka.
9:21 of 2nd period - Puck is out of play.
9:22 of 2nd period - Zenon Konopka wins face-off versus Lars Eller in Patriotes zone.
9:37 of 2nd period - Wrist shot by Lars Eller.
9:37 of 2nd period - Stopped by Joey MacDonald without a rebound.
9:38 of 2nd period - Mark Mancari wins face-off versus Christian Hanson in Patriotes zone.
9:41 of 2nd period - Snap shot by Zach Bogosian.
9:41 of 2nd period - Stopped by Joey MacDonald with a rebound.
9:43 of 2nd period - Slapshot by Dustin Byfuglien.
9:43 of 2nd period - Stopped by Joey MacDonald with a rebound.
9:45 of 2nd period - Slapshot by John-Michael Liles.
9:45 of 2nd period - Stopped by Joey MacDonald with a rebound.
9:47 of 2nd period - Snap shot by Max Pacioretty.
9:47 of 2nd period - Deflect By Brett Skinner.
9:47 of 2nd period - Stopped by Joey MacDonald with a rebound.
11:37 of 2nd period - Snap shot by Lauri Tukonen.
11:37 of 2nd period - Stopped by Jhonas Enroth with a rebound.
11:57 of 2nd period - Snap shot by Vojtech Polak.
11:57 of 2nd period - Shot Blocked by Cameron Gaunce.
12:11 of 2nd period - Wrist shot by Dustin Byfuglien.
12:11 of 2nd period - Stopped by Joey MacDonald without a rebound.
12:12 of 2nd period - Christian Hanson wins face-off versus Brandon Sutter in Patriotes zone.
12:37 of 2nd period - Brett Skinner is hit by Kyle Okposo and loses puck.
12:42 of 2nd period - Snap shot by Ville Leino.
12:42 of 2nd period - Shot Misses the Net.
13:01 of 2nd period - Lauri Tukonen is hit by Stéphane Yelle and loses puck.
13:22 of 2nd period - Mark Mancari is hit by Mathieu Brodeur and loses puck.
13:53 of 2nd period - Wrist shot by Stéphane Yelle.
13:53 of 2nd period - Stopped by Joey MacDonald with a rebound.
15:22 of 2nd period - Snap shot by Brock Trotter.
15:22 of 2nd period - Stopped by Jhonas Enroth with a rebound.
15:34 of 2nd period - Ryan Wilson is hit by Max Pacioretty and loses puck.
16:30 of 2nd period - Wrist shot by Jared Boll.
16:30 of 2nd period - Shot Misses the Net.
16:32 of 2nd period - Snap shot by Jared Boll.
16:32 of 2nd period - Stopped by Jhonas Enroth with a rebound.
16:34 of 2nd period - Wrist shot by Cameron Gaunce.
16:34 of 2nd period - Shot Misses the Net.
16:48 of 2nd period - Christian Hanson is hit by Mark Mancari and loses puck.
18:59 of 2nd period - James Wright is hit by Ville Leino.
19:18 of 2nd period - Brett Skinner is hit by Ville Leino and loses puck.
19:41 of 2nd period - Snap shot by Fedor Fedorov.
19:41 of 2nd period - Goal by Fedor Fedorov - Patriotes : 4 - Sewer Rats : 1.
19:42 of 2nd period - Lars Eller wins face-off versus Christian Hanson in neutral zone.
19:55 of 2nd period - Snap shot by Andreas Nodl.
19:55 of 2nd period - Stopped by Jhonas Enroth without a rebound.
19:56 of 2nd period - Mark Mancari wins face-off versus Martin St. Pierre in Sewer Rats zone.
Goals for this period are 1 for Patriotes vs 0 for Sewer Rats.
Shots for this period are 9 for Patriotes vs 14 for Sewer Rats.
3rd period
0:01 of 3rd period - Mark Mancari wins face-off versus Christian Hanson in neutral zone.
0:27 of 3rd period - Minor Penalty to Davis Drewiske for Hooking.
0:28 of 3rd period - Zenon Konopka wins face-off versus Dustin Byfuglien in Patriotes zone.
1:56 of 3rd period - Fedor Fedorov is hit by Zach Bogosian and loses puck.
2:27 of 3rd period - Penalty to Davis Drewiske is over, Davis Drewiske is back on ice.
3:29 of 3rd period - Snap shot by Christian Hanson.
3:29 of 3rd period - Shot Blocked by Ville Leino.
3:38 of 3rd period - Off-side.
3:39 of 3rd period - Martin St. Pierre wins face-off versus Stéphane Yelle in neutral zone.
4:11 of 3rd period - Brandon Sutter is hit by Zenon Konopka and loses puck.
4:17 of 3rd period - Off-side.
4:18 of 3rd period - Martin St. Pierre wins face-off versus Mark Mancari in neutral zone.
5:02 of 3rd period - Mike Funk is hit by James Wright.
5:10 of 3rd period - Snap shot by Kyle Quincey.
5:10 of 3rd period - Shot Misses the Net.
5:21 of 3rd period - Off-side.
5:22 of 3rd period - Mark Mancari wins face-off versus Jared Boll in neutral zone.
5:33 of 3rd period - Snap shot by Max Pacioretty.
5:33 of 3rd period - Stopped by Joey MacDonald without a rebound.
5:34 of 3rd period - Lars Eller wins face-off versus Martin St. Pierre in Patriotes zone.
5:35 of 3rd period - Slapshot by Zach Bogosian.
5:35 of 3rd period - Stopped by Joey MacDonald without a rebound.
5:36 of 3rd period - Lars Eller wins face-off versus Martin St. Pierre in Patriotes zone.
5:45 of 3rd period - Wrist shot by Ville Leino.
5:45 of 3rd period - Shot Misses the Net.
5:57 of 3rd period - Minor Penalty to Davis Drewiske for Delaying the game.
5:58 of 3rd period - Zenon Konopka wins face-off versus Max Pacioretty in Patriotes zone.
6:07 of 3rd period - Wrist shot by Andreas Nodl.
6:07 of 3rd period - Shot Misses the Net.
6:09 of 3rd period - Snap shot by Zenon Konopka.
6:09 of 3rd period - Stopped by Jhonas Enroth with a rebound.
6:11 of 3rd period - Wrist shot by Zenon Konopka.
6:11 of 3rd period - Goal by Zenon Konopka - Patriotes : 5 - Sewer Rats : 1.
6:12 of 3rd period - Andreas Nodl wins face-off versus Mark Mancari in neutral zone.
6:14 of 3rd period - Brett Skinner is hit by Zach Bogosian and loses puck.
6:48 of 3rd period - Fedor Fedorov is hit by Ville Leino and loses puck.
7:57 of 3rd period - Penalty to Davis Drewiske is over, Davis Drewiske is back on ice.
8:08 of 3rd period - Wrist shot by Liam Reddox.
8:08 of 3rd period - Shot Misses the Net.
8:10 of 3rd period - Backhand shot by James Wright.
8:10 of 3rd period - Shot Misses the Net.
8:12 of 3rd period - Snap shot by Liam Reddox.
8:12 of 3rd period - Shot Blocked by Zach Bogosian.
8:14 of 3rd period - Snap shot by Liam Reddox.
8:14 of 3rd period - Shot Blocked by Patrick Bordeleau.
8:16 of 3rd period - Snap shot by Tomas Kubalik.
8:16 of 3rd period - Shot Misses the Net.
8:32 of 3rd period - Snap shot by T.J Galiardi.
8:32 of 3rd period - Shot Misses the Net.
8:44 of 3rd period - Brandon Sutter is hit by Nigel Williams and loses puck.
8:59 of 3rd period - Snap shot by Lauri Tukonen.
8:59 of 3rd period - Stopped by Jhonas Enroth without a rebound.
9:00 of 3rd period - Zenon Konopka wins face-off versus Patrick Bordeleau in Sewer Rats zone.
9:44 of 3rd period - Snap shot by Derek Dorsett.
9:44 of 3rd period - Shot Misses the Net.
9:46 of 3rd period - Wrist shot by Stéphane Yelle.
9:46 of 3rd period - Shot Misses the Net.
9:52 of 3rd period - Wrist shot by Derek Dorsett.
9:52 of 3rd period - Shot Blocked by Joe Charlebois.
9:54 of 3rd period - Slapshot by John Erskine.
9:54 of 3rd period - Shot Misses the Net.
9:56 of 3rd period - Snap shot by Patrick Bordeleau.
9:56 of 3rd period - Stopped by Joey MacDonald without a rebound.
9:57 of 3rd period - Mark Mancari wins face-off versus Christian Hanson in Patriotes zone.
10:04 of 3rd period - Snap shot by Fedor Fedorov.
10:04 of 3rd period - Shot Misses the Net.
10:06 of 3rd period - Slapshot by Davis Drewiske.
10:06 of 3rd period - Shot Blocked by Kyle Quincey.
10:08 of 3rd period - Wrist shot by Christian Hanson.
10:08 of 3rd period - Stopped by Jhonas Enroth with a rebound.
10:10 of 3rd period - Slapshot by Davis Drewiske.
10:10 of 3rd period - Stopped by Jhonas Enroth with a rebound.
10:12 of 3rd period - Wrist shot by Andreas Nodl.
10:12 of 3rd period - Shot Blocked by Mike Funk.
10:22 of 3rd period - Davis Drewiske is hit by Kyle Okposo and loses puck.
11:05 of 3rd period - Snap shot by Zenon Konopka.
11:05 of 3rd period - Shot Misses the Net.
11:07 of 3rd period - Wrist shot by Zenon Konopka.
11:07 of 3rd period - Shot Misses the Net.
11:09 of 3rd period - Slapshot by Brock Trotter.
11:09 of 3rd period - Shot Misses the Net.
11:11 of 3rd period - Wrist shot by Zenon Konopka.
11:11 of 3rd period - Deflect By Lauri Tukonen.
11:11 of 3rd period - Stopped by Jhonas Enroth with a rebound.
12:13 of 3rd period - Icing by John-Michael Liles.
12:14 of 3rd period - Mark Mancari wins face-off versus Christian Hanson in Sewer Rats zone.
12:25 of 3rd period - Backhand shot by Zach Bogosian.
12:25 of 3rd period - Stopped by Joey MacDonald with a rebound.
12:35 of 3rd period - Davis Drewiske is hit by Patrick Bordeleau and loses puck.
12:58 of 3rd period - Snap shot by Brock Trotter.
12:58 of 3rd period - Shot Misses the Net.
13:00 of 3rd period - Slapshot by Ryan Wilson.
13:00 of 3rd period - Stopped by Jhonas Enroth with a rebound.
13:02 of 3rd period - Wrist shot by Lauri Tukonen.
13:02 of 3rd period - Shot Blocked by Ville Leino.
13:04 of 3rd period - Slapshot by Joe Charlebois.
13:04 of 3rd period - Shot Misses the Net.
13:06 of 3rd period - Snap shot by Lauri Tukonen.
13:06 of 3rd period - Shot Blocked by Lars Eller.
14:11 of 3rd period - Brock Trotter is hit by Kyle Quincey and loses puck.
15:16 of 3rd period - Wrist shot by Martin St. Pierre.
15:16 of 3rd period - Goal by Martin St. Pierre - Patriotes : 6 - Sewer Rats : 1.
15:17 of 3rd period - Mark Mancari wins face-off versus T.J Galiardi in neutral zone.
15:20 of 3rd period - Snap shot by Max Pacioretty.
15:20 of 3rd period - Stopped by Joey MacDonald with a rebound.
15:55 of 3rd period - Kyle Okposo is hit by Fedor Fedorov and loses puck.
16:08 of 3rd period - Brock Trotter is hit by Zach Bogosian and loses puck.
16:13 of 3rd period - Slapshot by Derek Dorsett.
16:13 of 3rd period - Shot Misses the Net.
17:03 of 3rd period - Snap shot by Ville Leino.
17:03 of 3rd period - Stopped by Joey MacDonald with a rebound.
17:25 of 3rd period - Snap shot by T.J Galiardi.
17:25 of 3rd period - Shot Misses the Net.
17:42 of 3rd period - Fedor Fedorov is hit by Ville Leino and loses puck.
17:57 of 3rd period - Wrist shot by Vojtech Polak.
17:57 of 3rd period - Stopped by Joey MacDonald without a rebound.
17:58 of 3rd period - Brandon Sutter wins face-off versus Lauri Tukonen in Patriotes zone.
18:06 of 3rd period - Off-side.
18:07 of 3rd period - Christian Hanson wins face-off versus Mark Mancari in neutral zone.
18:38 of 3rd period - Snap shot by Ville Leino.
18:38 of 3rd period - Stopped by Joey MacDonald with a rebound.
18:40 of 3rd period - Wrist shot by Ville Leino.
18:40 of 3rd period - Shot Misses the Net.
18:42 of 3rd period - Snap shot by Kyle Okposo.
18:42 of 3rd period - Shot Misses the Net.
Goals for this period are 2 for Patriotes vs 0 for Sewer Rats.
Shots for this period are 8 for Patriotes vs 8 for Sewer Rats.
Output by the SimonT Hockey Simulator (STHS) for François Prévost -- Original Page W3C XHTML 1.0 Valid